[Event "Team 45 45 League T82"]
[Site "Internet Chess Club"]
[Date "2019.11.03"]
[Round "6"]
[White "sdcohle"]
[Black "Megasus"]
[Result "1-0"]
[WhiteElo "1355"]
[BlackElo "1526"]
[Opening "Van't Kruijs opening"]
[ECO "A00"]
[Time "21:40:33"]
[TimeControl "2700+45"]

1. e3 c5 2. b3 a6 3. Bb2 d5 4. d4 b6 5. Nf3 Nc6 6. dxc5 bxc5 7. Be2 e6 8. O-O h6
9. c4 Nf6 10. Qc2 Nb4 11. Qd2 Ne4 12. Qd1 Bb7 13. a3 Nc6 14. Nbd2 Ne7 15. Qc2
Nf5 16. cxd5 exd5 17. Nxe4 dxe4 18. Rad1 Qe7 19. Nd2 Rd8 20. Nc4 Qe6 21. Rxd8+
Kxd8 22. Rd1+ Ke8 23. Qd2 Be7 24. Bg4 h5 25. Bxf5 Qxf5 26. Nd6+ Bxd6 27. Qxd6
Qc8 28. Bxg7 Rg8 29. Bf6 Rxg2+ 30. Kxg2 Qg4+ 31. Kf1 {Black resigns} 1-0

[Event "Team 45 45 League T82"]
[Site "Internet Chess Club"]
[Date "2019.11.02"]
[Round "6"]
[White "Egmont"]
[Black "WillC"]
[Result "1-0"]
[WhiteElo "1620"]
[BlackElo "1535"]
[Opening "QGA: 4...e6"]
[ECO "D26"]
[Time "08:04:18"]
[TimeControl "2700+45"]

1. d4 d5 2. c4 dxc4 3. Nf3 Nf6 4. e3 e6 5. Bxc4 Be7 6. Nc3 a6 7. a3 b5 8. Bd3
Bb7 9. O-O O-O 10. b4 Nbd7 11. Qc2 h6 12. e4 c6 13. Bf4 a5 14. Qb2 Qb6 15. h3
Rfd8 16. Be3 Qc7 17. Nd2 axb4 18. axb4 Nb6 19. Be2 Na4 20. Nxa4 bxa4 21. Rfc1
Qb6 22. b5 cxb5 23. d5 Qa5 24. d6 Rxd6 25. e5 Rxd2 26. Bxd2 b4 27. exf6 Bxf6 28.
Qxb4 Qxb4 29. Bxb4 Bxa1 30. Rxa1 Bd5 31. Bd1 Bc6 32. Ra3 Rb8 33. Bxa4 Bxa4 34.
Rxa4 Kh7 35. Bd6 Rb1+ 36. Kh2 Rb2 37. Bg3 f5 38. Ra7 Kg6 39. Be5 Rxf2 40. Rxg7+
Kh5 41. Rf7 Re2 42. Bd6 Kg6 43. Rf8 e5 44. Re8 e4 45. Bf4 h5 46. h4 Rc2 47. Re6+
Kf7 48. Rh6 Rc3 49. Rxh5 e3 50. Rxf5+ Ke6 51. Re5+ {Black resigns} 1-0

[Event "Team 45 45 League T82"]
[Site "Internet Chess Club"]
[Date "2019.11.01"]
[Round "6"]
[White "Hal2001"]
[Black "tightfist"]
[Result "1/2-1/2"]
[WhiteElo "1460"]
[BlackElo "1442"]
[Opening "Scandinavian: Marshall variation"]
[ECO "B01"]
[Time "21:01:46"]
[TimeControl "2700+45"]

1. e4 d5 2. exd5 Nf6 3. d4 Nxd5 4. c4 Nf6 5. Bg5 Nbd7 6. Nf3 e6 7. Bd3 Be7 8.
O-O O-O 9. Nbd2 c5 10. dxc5 Nxc5 11. Bc2 b6 12. Re1 Bb7 13. b4 Nd3 14. Bxd3 Qxd3
15. a3 Rad8 16. Re3 Qd6 17. Qe2 h6 18. Bh4 Bxf3 19. Nxf3 Ng4 20. Bxe7 Qxe7 21.
Re4 Nf6 22. Rd4 Qc7 23. Rad1 Rxd4 24. Rxd4 Rd8 25. Qd3 Rxd4 26. Qxd4 Kf8 27. Kf1
Nd7 28. Ke2 Ke7 29. Kd3 {Game drawn by mutual agreement} 1/2-1/2

[Event "Team 45 45 League T82"]
[Site "Internet Chess Club"]
[Date "2019.11.03"]
[Round "6"]
[White "kingphisch"]
[Black "Gilguli"]
[Result "1-0"]
[WhiteElo "1425"]
[BlackElo "1351"]
[Opening "Sicilian: Smith-Morra gambit"]
[ECO "B21"]
[Time "15:01:22"]
[TimeControl "2700+45"]

1. e4 c5 2. d4 cxd4 3. c4 Nc6 4. Nf3 e5 5. a3 Nf6 6. Bd3 Be7 7. O-O O-O 8. b4 b6
9. b5 Na5 10. Nxe5 Bb7 11. Nf3 Bc5 12. Nbd2 Re8 13. Qc2 Qc7 14. Re1 d6 15. Bb2
Re7 16. Nxd4 Rae8 17. Nf5 Re6 18. Ng3 d5 19. cxd5 Nxd5 20. Nf3 Nf4 21. Qc3 f6
22. Bc2 Nc4 23. Bb3 Nxb2 24. Bxe6+ Nxe6 25. Qxb2 Qf4 26. Qd2 Qxd2 27. Nxd2 Nf4
28. Nf3 Nd3 29. Re2 Nf4 30. Rd2 a6 31. a4 a5 32. Rd7 Bc8 33. Rdd1 Bg4 34. h3
Bxf3 35. gxf3 Nxh3+ 36. Kg2 Ng5 37. Rd5 Kf7 38. Rad1 Ne6 39. Rd7+ Kg6 40. Nf5
Nf4+ 41. Kg3 Nh5+ 42. Kg2 Nf4+ 43. Kf1 Rg8 44. Rd8 Rxd8 45. Rxd8 h5 46. Rd7 h4
47. Rxg7+ Kh5 48. Rh7+ Kg5 49. Rxh4 Nd3 50. Rg4+ Kh5 51. Ne3 Ne5 52. Rf4 Kg5 53.
Rf5+ Kg6 54. Nd5 Nd3 55. Rxf6+ Kg5 56. Rf5+ Kg6 57. Nf4+ Nxf4 58. Rxf4 Kg5
{Black resigns} 1-0

[Event "Team 45 45 League T82"]
[Site "Internet Chess Club"]
[Date "2019.11.01"]
[Round "6"]
[White "Demachaeron"]
[Black "Mitochondria"]
[Result "0-1"]
[WhiteElo "1707"]
[BlackElo "1507"]
[Opening "King's Indian: 4.e4"]
[ECO "E70"]
[Time "21:01:41"]
[TimeControl "2700+45"]

1. d4 Nf6 2. c4 g6 3. Nc3 Bg7 4. e4 d6 5. Bd3 O-O 6. Nge2 c5 7. d5 Nbd7 8. f4
Nb6 9. O-O Bg4 10. Qc2 Bd7 11. Bd2 Rc8 12. Rae1 Na8 13. Ng3 a6 14. Qc1 b5 15. b3
b4 16. Nce2 Nc7 17. f5 Ng4 18. Bf4 Ne8 19. Kh1 Ne5 20. Bc2 a5 21. Bh6 a4 22.
Bxg7 Nxg7 23. fxg6 hxg6 24. Ng1 axb3 25. axb3 Qa5 26. Nf3 Nxf3 27. Rxf3 Qa3 28.
Qe3 Qb2 29. Rf2 Qe5 30. Ref1 Ra8 31. Bd1 Ra1 32. Kg1 f6 33. h4 Rfa8 34. Be2
Rxf1+ 35. Rxf1 Ra1 36. Rxa1 Qxa1+ 37. Nf1 Qe1 38. Bg4 Qxe3+ 39. Nxe3 Bxg4 40.
Nxg4 Nh5 41. Kf2 Nf4 42. g3 Nd3+ 43. Ke3 Nc1 44. Nf2 Nxb3 45. Kd3 Nd4 46. g4 Nf3
47. h5 gxh5 48. gxh5 Ne5+ 49. Kc2 Nxc4 50. Kb3 Ne5 51. Nd1 Kh7 52. Ne3 Nf7 53.
Nf5 Ng5 54. Nxe7 Nxe4 55. Nc8 Kh6 {White resigns} 0-1

[Event "Team 45 45 League T82"]
[Site "Internet Chess Club"]
[Date "2019.11.04"]
[Round "6"]
[White "Rybo88"]
[Black "dabodhi"]
[Result "1-0"]
[WhiteElo "1505"]
[BlackElo "1321"]
[Opening "Pirc defense"]
[ECO "B07"]
[Time "10:28:08"]
[TimeControl "2700+45"]

1. e4 d6 2. d4 Nf6 3. Nc3 Nbd7 4. Nf3 c6 5. Bf4 Qa5 6. Bc4 e6 7. O-O d5 8. exd5
cxd5 9. Nb5 dxc4 10. Nc7+ Kd8 11. Nxa8 Nd5 12. Bg3 f6 13. Qe2 Qa6 14. Rfe1 Nb8
15. Bxb8 {Black resigns} 1-0

[Event "Team 45 45 League T82"]
[Site "Internet Chess Club"]
[Date "2019.11.04"]
[Round "6"]
[White "Conjurer"]
[Black "kingsrook"]
[Result "1-0"]
[WhiteElo "1188"]
[BlackElo "1239"]
[Opening "Queen's bishop game"]
[ECO "D02"]
[Time "12:01:32"]
[TimeControl "2700+45"]

1. d4 d5 2. Nf3 Nf6 3. Bf4 c5 4. c3 e6 5. e3 Nc6 6. Nbd2 Bd6 7. Ne5 Qc7 8. Ndf3
Nd7 9. Nxf7 Bxf4 10. Nxh8 Bd6 11. Bd3 Nf6 12. O-O Kf8 13. dxc5 Bxc5 14. Ng5 Bd6
15. g3 Ne5 16. Nxh7+ Kg8 17. Nxf6+ gxf6 18. Qh5 Qg7 19. Qe8+ Qf8 20. Qh5 Qg7 21.
Ng6 Nxg6 22. Bxg6 Bd7 23. f4 f5 24. Rad1 b5 25. b3 Bc6 26. c4 a6 27. cxd5 Bxd5
28. Qg5 Be7 29. Qh5 Rf8 30. Be8 Qg4 31. Qg6+ Qxg6 32. Bxg6 Kg7 33. Bh5 Kh6 34.
Be2 Bc5 35. Kf2 Kg6 36. Rc1 Rc8 37. b4 Bxe3+ 38. Kxe3 Rc6 39. Rxc6 Bxc6 40. Kd4
Kf6 41. Rc1 Bd5 42. Rc7 Bxa2 43. Rc6 {Black resigns} 1-0

[Event "Team 45 45 League T82"]
[Site "Internet Chess Club"]
[Date "2019.10.31"]
[Round "6"]
[White "andrew37"]
[Black "President"]
[Result "1-0"]
[WhiteElo "1642"]
[BlackElo "1572"]
[Opening "Owen defense"]
[ECO "B00"]
[Time "06:00:50"]
[TimeControl "2700+45"]

1. e4 b6 2. d4 Bb7 3. Bd3 e6 4. Nf3 Nf6 5. Nbd2 d5 6. e5 Ne4 7. O-O Nxd2 8. Bxd2
c5 9. c3 Ba6 10. Bxa6 Nxa6 11. Qa4+ {Black resigns} 1-0

[Event "Team 45 45 League T82"]
[Site "Internet Chess Club"]
[Date "2019.10.31"]
[Round "6"]
[White "Visin"]
[Black "isolani"]
[Result "0-1"]
[WhiteElo "1271"]
[BlackElo "1387"]
[Opening "Robatsch defense: Geller's system"]
[ECO "B06"]
[Time "08:01:06"]
[TimeControl "2700+45"]

1. e4 g6 2. d4 Bg7 3. Nf3 d6 4. c3 Nf6 5. Nbd2 O-O 6. Be2 Nc6 7. Qc2 e5 8. Nb3
Bd7 9. Bg5 h6 10. Bxf6 Bxf6 11. O-O-O a5 12. dxe5 Nxe5 13. Nxe5 Bxe5 14. g3 Qe7
15. f4 Bg7 16. Nd4 a4 17. Bf3 c5 18. Ne2 a3 19. b3 Bc6 20. c4 Rfe8 21. Nc3 f5
22. Nd5 Bxd5 23. exd5 Qe3+ 24. Qd2 Qxf3 25. Rhe1 Kf7 26. Qd3 Qxd3 27. Rxe8
{White resigns} 0-1

[Event "Team 45 45 League T82"]
[Site "Internet Chess Club"]
[Date "2019.11.02"]
[Round "6"]
[White "Ajolote"]
[Black "primerpaso"]
[Result "1/2-1/2"]
[WhiteElo "1854"]
[BlackElo "1804"]
[Opening "Sicilian: closed"]
[ECO "B24"]
[Time "21:01:01"]
[TimeControl "2700+45"]

1. e4 c5 2. Nc3 Nc6 3. g3 g6 4. Bg2 Bg7 5. d3 e6 6. Be3 b6 7. Qd2 Bb7 8. Nge2
Nge7 9. Bh6 O-O 10. h4 Bxh6 11. Qxh6 f6 12. Qd2 d5 13. exd5 exd5 14. h5 g5 15.
f4 h6 16. d4 c4 17. O-O-O Qd7 18. Rhf1 Rae8 19. Rde1 Nd8 20. fxg5 fxg5 21. Ng1
Bc6 22. Nf3 Nf7 23. Ne5 Nxe5 24. dxe5 Rxf1 25. Rxf1 Qe6 26. Rf6 Qxe5 27. Rxc6 d4
28. Rxc4 dxc3 29. Rxc3 Rf8 30. Re3 Qc5 31. b4 Qc7 32. Qe2 Rf7 33. Re6 Qxg3 34.
Rxe7 Rxe7 35. Qxe7 Qxg2 36. Qe8+ Kg7 37. Qg6+ Kh8 38. Qxh6+ Kg8 39. Qg6+ Kh8 40.
Qf6+ Kh7 41. Kb2 Qd5 42. Qg6+ Kh8 43. Qf6+ Kh7 {Game drawn by mutual agreement}
1/2-1/2

[Event "Team 45 45 League T82"]
[Site "Internet Chess Club"]
[Date "2019.10.30"]
[Round "6"]
[White "QuieroAprender"]
[Black "joaoazm"]
[Result "1-0"]
[WhiteElo "1753"]
[BlackElo "1813"]
[Opening "QGD: Charousek (Petrosian) variation"]
[ECO "D31"]
[Time "20:01:10"]
[TimeControl "2700+45"]

1. d4 d5 2. c4 e6 3. Nc3 Be7 4. Nf3 Nf6 5. cxd5 exd5 6. Qb3 O-O 7. h3 Nc6 8. e3
b6 9. Bb5 Bd7 10. Nxd5 Nxd5 11. Qxd5 Nb4 12. Qxd7 Nc2+ 13. Ke2 Qxd7 14. Bxd7
Nxa1 15. Bf5 g6 16. Be4 Rae8 17. Bd2 Bf6 18. Bd3 c5 19. Rxa1 cxd4 20. e4 Re6 21.
Nh2 Rc8 22. Ng4 Be7 23. f3 h5 24. Nf2 f6 25. b3 Kg7 26. Bc4 Rec6 27. Kd3 R6c7
28. Bf4 Rd7 29. e5 fxe5 30. Bxe5+ Bf6 31. Bxf6+ Kxf6 32. Ne4+ Kf5 33. g4+ Ke5
34. f4+ Kxf4 35. Be6 Rcc7 36. Bxd7 Rxd7 37. Rf1+ Ke5 38. Rf6 hxg4 39. hxg4 Rh7
40. Re6+ Kxe6 41. Ng5+ Ke5 42. Nxh7 Kf4 43. g5 Ke5 44. Nf6 Kf4 45. Ne4 Ke5 46.
b4 Kd5 47. a4 Ke5 48. b5 Kd5 49. Nf6+ Ke5 50. Kc4 Kf4 51. Kxd4 Kxg5 52. Ke5 Kh4
53. Kd6 g5 54. Kc7 Kg3 55. Ne4+ Kf4 56. Nxg5 Kxg5 57. Kb7 Kf5 58. Kxa7 Ke6 59.
Kxb6 Kd7 60. Kb7 Kd6 61. a5 {Black resigns} 1-0

[Event "Team 45 45 League T82"]
[Site "Internet Chess Club"]
[Date "2019.11.03"]
[Round "6"]
[White "nealbruce"]
[Black "kabindra"]
[Result "1-0"]
[WhiteElo "1740"]
[BlackElo "1718"]
[Opening "Ruy Lopez: closed"]
[ECO "C90"]
[Time "11:01:56"]
[TimeControl "2700+45"]

1. e4 e5 2. Nf3 Nc6 3. Bb5 a6 4. Ba4 Nf6 5. O-O b5 6. Bb3 Be7 7. Re1 d6 8. c3
Na5 9. Bc2 c5 10. d4 cxd4 11. cxd4 Qc7 12. Nc3 Bb7 13. dxe5 dxe5 14. Nd5 Nxd5
15. exd5 Rd8 16. Rxe5 Nc4 17. Re1 Bxd5 18. Qe2 Be6 19. Ng5 Bxg5 20. Bxg5 Rd5 21.
Qh5 Qe7 22. h4 h6 23. Rad1 Qd6 24. Rxd5 Qxd5 25. Rd1 Qa8 26. Be4 g6 27. Bxa8
{Black resigns} 1-0

[Event "Team 45 45 League T82"]
[Site "Internet Chess Club"]
[Date "2019.10.30"]
[Round "6"]
[White "LuFran"]
[Black "fireball"]
[Result "1/2-1/2"]
[WhiteElo "1698"]
[BlackElo "1497"]
[Opening "Trompowsky attack (Ruth, Opocenský opening)"]
[ECO "A45"]
[Time "16:02:41"]
[TimeControl "2700+45"]

1. d4 Nf6 2. Bg5 d5 3. Bxf6 exf6 4. e3 Bd6 5. g3 Bf5 6. Bg2 c6 7. Nd2 O-O 8. Ne2
Nd7 9. O-O Re8 10. c4 dxc4 11. Nxc4 Nb6 12. Na5 Rb8 13. Nc3 Bb4 14. Nb3 Bxc3 15.
bxc3 Nc4 16. Qc1 Be4 17. Bxe4 Rxe4 18. Nd2 Nxd2 19. Qxd2 Qa5 20. Rfd1 Rd8 21. c4
Qxd2 22. Rxd2 c5 23. Rad1 {Game drawn by mutual agreement} 1/2-1/2

[Event "Team 45 45 League T82"]
[Site "Internet Chess Club"]
[Date "2019.11.01"]
[Round "6"]
[White "room-matt"]
[Black "cool64chess"]
[Result "0-1"]
[WhiteElo "1820"]
[BlackElo "2073"]
[Opening "French: Winawer, advance, Bogolyubov variation"]
[ECO "C17"]
[Time "13:25:50"]
[TimeControl "2700+45"]

1. e4 e6 2. d4 d5 3. Nc3 Bb4 4. e5 c5 5. Bd2 Ne7 6. f4 cxd4 7. Nb5 Bc5 8. b4 Bb6
9. Nd6+ Kf8 10. Nf3 h6 11. Bd3 a6 12. a4 Bc7 13. Nxc8 Qxc8 14. Nxd4 Bb6 15. Nf3
g6 16. c4 dxc4 17. Rc1 Nbc6 18. Rxc4 Qd7 19. Be4 Rd8 20. Qc2 Kg7 21. a5 Ba7 22.
h4 h5 23. Ke2 Nd5 24. Rc1 Nce7 25. Ke1 b5 26. axb6 Bxb6 27. Qb3 Qa7 28. Ke2 Rd7
29. R4c2 Rhd8 30. g3 Qb7 31. Ng5 Nf5 32. Bc3 Nxg3+ 33. Kf3 Nxe4 34. Nxe4 Ne3 35.
Re2 Rd3 36. f5 Nxf5+ 37. Kg2 Ne3+ {White resigns} 0-1

[Event "Team 45 45 League T82"]
[Site "Internet Chess Club"]
[Date "2019.11.02"]
[Round "6"]
[White "mccannj"]
[Black "Packerfan"]
[Result "0-1"]
[WhiteElo "1718"]
[BlackElo "1726"]
[Opening "English opening"]
[ECO "A20"]
[Time "15:01:44"]
[TimeControl "2700+45"]

1. c4 e5 2. g3 Nf6 3. Bg2 d5 4. cxd5 Nxd5 5. Nf3 Nc6 6. O-O Bc5 7. Nxe5 Bxf2+ 8.
Rxf2 Nxe5 9. Nc3 Nxc3 10. bxc3 O-O 11. Qb3 Rb8 12. d4 Ng4 13. Rf4 Nf6 14. e4 c6
15. Ba3 Re8 16. Rd1 Bg4 17. Rd2 Bh5 18. h3 Bg6 19. Re2 Qb6 20. Kh2 Qxb3 21. axb3
Nd5 22. Bd6 Nxf4 23. gxf4 Rbd8 24. e5 Bf5 25. Rd2 f6 26. d5 fxe5 27. fxe5 cxd5
28. Rxd5 Be6 29. Rb5 b6 30. c4 Bd7 31. Bd5+ Be6 32. Bc6 Bd7 33. Bd5+ Be6 34. Bc6
Rxd6 35. exd6 Rd8 36. d7 Kf7 37. Re5 Bxd7 38. Bd5+ Kf6 39. Re2 Re8 40. Rf2+ Bf5
41. Rf3 g6 42. Kg3 Re1 43. b4 Ke5 44. Ra3 b5 45. Rxa7 Re3+ 46. Kf2 Rxh3 47. Bg8
bxc4 48. Bxc4 h5 49. Kg2 Rh4 50. Rc7 Be6 51. Bxe6 Kxe6 52. Rc6+ Kf5 53. b5 Rb4
54. b6 g5 55. Rc5+ Kg4 56. Rc6 Rb2+ 57. Kg1 h4 58. Rc4+ Kh5 59. Rc6 h3 60. Rc3
Kh4 61. Rc6 g4 62. Rd6 g3 63. Rh6+ Kg4 64. Rg6+ Kf3 65. Rf6+ Ke4 66. Re6+ Kd5
67. Rg6 Rb1# {White checkmated} 0-1

[Event "Team 45 45 League T82"]
[Site "Internet Chess Club"]
[Date "2019.11.03"]
[Round "6"]
[White "WillC"]
[Black "evan7284"]
[Result "0-1"]
[WhiteElo "1524"]
[BlackElo "1649"]
[Opening "Queen's pawn game"]
[ECO "D02"]
[Time "16:02:23"]
[TimeControl "2700+45"]

1. d4 d5 2. Nf3 e6 3. b3 f5 4. Bb2 Nf6 5. g3 Nbd7 6. Bg2 Bd6 7. O-O O-O 8. Nbd2
Ne4 9. Ne5 Nxe5 10. dxe5 Bc5 11. Nxe4 fxe4 12. e3 Qg5 13. c4 c6 14. Rc1 Bb6 15.
Bh3 Bd7 16. Qg4 Qh6 17. Ba3 Rf5 18. Bg2 Rxe5 19. Bd6 Rf5 20. Ba3 Rg5 21. Qe2 Rf5
22. c5 Bc7 23. Bb2 Raf8 24. f3 exf3 25. Rxf3 Be8 26. Rxf5 Rxf5 27. Rf1 Rxf1+ 28.
Bxf1 Bh5 29. Qf2 Qg5 30. Bh3 Bg4 31. Bg2 Qf5 32. Qxf5 Bxf5 33. b4 b6 34. Bd4 e5
35. cxb6 axb6 36. Bc3 b5 37. Kf2 Kf7 38. Ke2 Ke6 39. Kd2 g5 40. h3 h5 41. Bf3 g4
42. hxg4 hxg4 43. Bd1 e4 44. a4 bxa4 45. Bxa4 Kd7 46. b5 cxb5 47. Bxb5+ Ke7 48.
Bb4+ Kf6 49. Bc3+ Kf7 50. Bc6 Be6 51. Ke2 Bxg3 52. Kf1 Kg6 53. Be8+ Kg5 54. Kg2
Bd6 55. Ba5 Kf5 56. Bb6 Be5 57. Bh5 Kg5 58. Be8 Bc3 59. Bd8+ Bf6 60. Bb6 Kh4 61.
Ba5 g3 62. Bc6 Bh3+ 63. Kg1 d4 64. Bxe4 dxe3 65. Bf3 Bg4 66. Bxg4 Kxg4 67. Kg2
e2 68. Be1 Be5 69. Bd2 Bf4 70. Be1 Bd6 71. Bc3 Kf4 72. Be1 Ke3 73. Ba5 Kd3 74.
Be1 Kc2 75. Kf3 Kd1 76. Ba5 e1=Q 77. Bxe1 Kxe1 {White resigns} 0-1

[Event "Team 45 45 League T82"]
[Site "Internet Chess Club"]
[Date "2019.11.01"]
[Round "6"]
[White "Kingofknights"]
[Black "scostanzo212"]
[Result "1-0"]
[WhiteElo "1604"]
[BlackElo "1586"]
[Opening "King's Indian: Sämisch, 5...O-O"]
[ECO "E81"]
[Time "18:01:27"]
[TimeControl "2700+45"]

1. d4 Nf6 2. c4 g6 3. Nc3 Bg7 4. e4 d6 5. f3 O-O 6. Bg5 h6 7. Be3 e5 8. Qd2 Kh7
9. d5 Na6 10. Bd3 Ne8 11. g4 Nc5 12. Bc2 a5 13. h4 b6 14. Nh3 Ba6 15. Nb5 Qd7
16. a4 Bc8 17. Nf2 Na6 18. Nd3 f5 19. h5 f4 20. hxg6+ Kxg6 21. Bf2 Nf6 22. O-O-O
Nh7 23. Bh4 Bf6 24. Bxf6 Rxf6 25. Qh2 Qg7 26. Qh5# {Black checkmated} 1-0

[Event "Team 45 45 League T82"]
[Site "Internet Chess Club"]
[Date "2019.11.03"]
[Round "6"]
[White "g8wrb"]
[Black "Visin"]
[Result "0-1"]
[WhiteElo "1262"]
[BlackElo "1267"]
[Opening "Nimzovich-Larsen attack: modern variation"]
[ECO "A01"]
[Time "10:01:20"]
[TimeControl "2700+45"]

1. b3 e5 2. Bb2 d6 3. e3 Nf6 4. Bb5+ Bd7 5. Bxd7+ Nbxd7 6. Nf3 Be7 7. O-O O-O 8.
c4 c5 9. Nc3 a6 10. Qc2 Rb8 11. Qd3 h6 12. Rfe1 Nb6 13. e4 Nh7 14. Rab1 Ng5 15.
Re3 Qd7 16. Nd5 Nxd5 17. Qxd5 Qe6 18. Qd3 f5 19. exf5 Qxf5 20. Qxf5 Rxf5 21. Ne1
Rbf8 22. Re2 Ne6 23. f3 Nf4 24. Re3 Bg5 25. Re4 Ne6 26. d3 Rf4 27. Nc2 Rxe4 28.
dxe4 a5 29. Bc3 b6 30. Rd1 Nd4 31. Nxd4 cxd4 32. Bd2 Bxd2 33. Rxd2 g5 34. a3 Rc8
35. Kf2 Kf7 36. Kg3 h5 37. h4 Kg6 38. Kh3 Rc5 39. g3 b5 40. Rc2 bxc4 41. bxc4
Rc6 42. Kg2 Rb6 43. c5 Rc6 44. Kf2 dxc5 45. Ke2 c4 46. Rc1 c3 47. Kd3 Rb6 48.
Ra1 gxh4 49. gxh4 Kf6 50. Kc4 Rb2 51. Rc1 Rf2 52. Kb5 Rxf3 53. Kxa5 Rf2 54. Kb4
Rb2+ 55. Kc4 Rb7 56. a4 Rb2 57. Rf1+ Ke7 58. Rc1 Kd6 59. Rf1 c2 60. Kd3 Ra2 61.
Rc1 Rxa4 62. Kxc2 Rc4+ 63. Kd2 Rxc1 64. Kxc1 Kc5 65. Kc2 Kc4 66. Kd2 d3 67. Kd1
Kd4 68. Ke1 Kxe4 69. Kd2 Kd4 70. Kc1 e4 {White resigns} 0-1

[Event "Team 45 45 League T82"]
[Site "Internet Chess Club"]
[Date "2019.11.02"]
[Round "6"]
[White "rkjulianjr"]
[Black "CMAlge"]
[Result "1-0"]
[WhiteElo "1364"]
[BlackElo "1272"]
[Opening "QGD: exchange, positional line"]
[ECO "D35"]
[Time "09:01:49"]
[TimeControl "2700+45"]

1. d4 d5 2. c4 e6 3. Nc3 Nf6 4. cxd5 exd5 5. Bg5 Be7 6. e3 c6 7. Bd3 O-O 8. Qc2
Nbd7 9. Nge2 Re8 10. O-O Nf8 11. f3 Be6 12. Rae1 Ng6 13. Ng3 Nd7 14. Bxe7 Qxe7
15. Bxg6 hxg6 16. Qf2 Nf6 17. e4 dxe4 18. fxe4 Bc4 19. Nce2 Rad8 20. e5 Nh5 21.
Nxh5 gxh5 22. Qf5 g6 23. Qf4 Kg7 24. Rf3 Bxa2 25. b3 Rf8 26. Ra1 Bxb3 27. Rxb3
c5 28. Qe4 b6 29. Rg3 Rde8 30. Nf4 f5 31. Rxg6+ Kh7 32. Qc6 Rf6 33. Rxf6 Qg7 34.
Qxe8 cxd4 35. Rf7 {Black resigns} 1-0

[Event "Team 45 45 League T82"]
[Site "Internet Chess Club"]
[Date "2019.11.04"]
[Round "6"]
[White "SeniorCitizen"]
[Black "seattleblues"]
[Result "1-0"]
[WhiteElo "1246"]
[BlackElo "1236"]
[Opening "Caro-Kann: advance variation"]
[ECO "B12"]
[Time "05:00:24"]
[TimeControl "2700+45"]

1. e4 c6 2. d4 d5 3. e5 Bf5 4. Bd3 Bxd3 5. Qxd3 e6 6. Nf3 Ne7 7. Bg5 Nd7 8. O-O
Qb6 9. Qb3 Nf5 10. Qxb6 Nxb6 11. b3 Rc8 12. Rc1 c5 13. c3 cxd4 14. cxd4 Rxc1+
15. Bxc1 Bb4 16. Bd2 Be7 17. Nc3 O-O 18. Ne2 h6 19. Rc1 Bd8 20. Kf1 Na8 21. Bb4
Re8 22. g4 Nh4 23. Nxh4 Bxh4 24. Kg2 b6 25. Rc2 a5 26. Bd6 Bd8 27. Rc8 {Black
resigns} 1-0

[Event "Team 45 45 League T82"]
[Site "Internet Chess Club"]
[Date "2019.11.04"]
[Round "6"]
[White "smsxman"]
[Black "clarinetref"]
[Result "1-0"]
[WhiteElo "1403"]
[BlackElo "1477"]
[Opening "Robatsch defense: two knights variation"]
[ECO "B06"]
[Time "21:05:33"]
[TimeControl "2700+45"]

1. e4 g6 2. Nc3 Bg7 3. d4 d6 4. Nf3 Nd7 5. Bc4 Ngf6 6. Ng5 O-O 7. Nxf7 Rxf7 8.
Bxf7+ Kxf7 9. O-O e5 10. Bg5 h6 11. Bh4 c6 12. f4 Qb6 13. fxe5 dxe5 14. Na4
Qxd4+ 15. Qxd4 exd4 16. Rae1 g5 17. Bf2 c5 18. e5 Nd5 19. e6+ Kg6 20. exd7 Bxd7
21. Nxc5 Bb5 22. Nd3 Rc8 23. Re6+ Kh5 24. h3 g4 25. hxg4+ Kxg4 26. Rg6+ Kf5 27.
Rxg7 Rxc2 28. Be1+ Ke6 29. Rg6+ Kd7 30. Rf7+ Ke8 31. Ne5 Re2 32. Rg8# {Black
checkmated} 1-0

[Event "Team 45 45 League T82"]
[Site "Internet Chess Club"]
[Date "2019.11.02"]
[Round "6"]
[White "sdcohle"]
[Black "dabodhi"]
[Result "1-0"]
[WhiteElo "1330"]
[BlackElo "1330"]
[Opening "Canard opening"]
[ECO "A45"]
[Time "13:03:26"]
[TimeControl "2700+45"]

1. d4 Nf6 2. f4 g6 3. Nf3 Bg7 4. e3 O-O 5. Bd3 d6 6. e4 Bg4 7. Nbd2 Nh5 8. O-O
Bxd4+ 9. Kh1 Nxf4 10. Nb3 Be5 11. Bxf4 Bxf4 12. Qe1 Bxf3 13. Rxf3 Be5 14. c3 c5
15. Bc4 Nd7 16. Nd2 Bg7 17. Qf1 Ne5 18. Rf2 e6 19. Bb3 Qh4 20. Nf3 Qxe4 21. Re1
Qc6 22. Nxe5 Bxe5 23. Re3 a5 24. Ref3 Qd7 25. Re2 a4 26. Bc4 b5 27. Bd3 f5 28.
Bb1 a3 29. Qd1 axb2 30. Rxe5 dxe5 31. Qxd7 Rad8 32. Qxe6+ Rf7 33. Rd3 Rf8 34.
Rd7 b4 35. Rxf7 Rxf7 36. cxb4 cxb4 37. Qxe5 Kf8 38. Qxb2 Rd7 39. Qxb4+ Kg7 40.
h3 Kh6 41. Kh2 {Black resigns} 1-0

[Event "Team 45 45 League T82"]
[Site "Internet Chess Club"]
[Date "2019.11.02"]
[Round "6"]
[White "stantheman59"]
[Black "gregorgg"]
[Result "0-1"]
[WhiteElo "1242"]
[BlackElo "1194"]
[Opening "QGD: Harrwitz attack"]
[ECO "D35"]
[Time "15:49:23"]
[TimeControl "2700+45"]

1. d4 d5 2. c4 e6 3. Nc3 Nf6 4. Bf4 Bd6 5. Bg3 O-O 6. e3 b6 7. Bh4 Nbd7 8. cxd5
exd5 9. Qa4 Bb7 10. Ba6 Qc8 11. Bxb7 Qxb7 12. Nf3 Rfe8 13. O-O c6 14. Qc2 Ne4
15. Ne2 Ndf6 16. Bxf6 Nxf6 17. Rac1 Rac8 18. a3 Bb8 19. Nh4 Qc7 20. b4 Qxh2#
{White checkmated} 0-1

[Event "Team 45 45 League T82"]
[Site "Internet Chess Club"]
[Date "2019.11.04"]
[Round "6"]
[White "seldredg"]
[Black "WzeroMN"]
[Result "1-0"]
[WhiteElo "1297"]
[BlackElo "1010"]
[Opening "Queen's pawn, Mason variation"]
[ECO "D00"]
[Time "13:01:21"]
[TimeControl "2700+45"]

1. d4 d5 2. Bf4 Nc6 3. e3 e6 4. Nf3 Nf6 5. c3 Bd6 6. Bg3 Bxg3 7. hxg3 O-O 8. Bd3
b6 9. Nbd2 a5 10. Ne5 Ne7 11. g4 h6 12. Ndf3 Ba6 13. Bc2 c5 14. g5 Ne4 15. gxh6
gxh6 16. Nd2 Nxd2 17. Qg4+ Ng6 18. Nxg6 Qg5 19. Qxg5 hxg5 20. Ne7+ Kg7 21. Kxd2
Rh8 22. f4 Rxh1 23. Rxh1 Rh8 24. Rxh8 Kxh8 25. Ke1 g4 26. Kf2 f5 27. Nc6 Bb7 28.
Nd8 Bc8 29. a4 Kg7 30. Nc6 Bd7 31. Nb8 Bc8 32. dxc5 bxc5 33. Nc6 Bd7 34. Nxa5 c4
35. Nb7 Kf6 36. Nc5 Bc6 37. b4 Ba8 38. b5 Ke7 39. a5 {Black resigns} 1-0

[Event "Team 45 45 League T82"]
[Site "Internet Chess Club"]
[Date "2019.11.02"]
[Round "6"]
[White "Andaluz"]
[Black "noblitz-oblige"]
[Result "1-0"]
[WhiteElo "1369"]
[BlackElo "1473"]
[Opening "Giuoco Piano: four knights variation"]
[ECO "C47"]
[Time "13:23:11"]
[TimeControl "2700+45"]

1. e4 e5 2. Nf3 Nc6 3. Nc3 Nf6 4. Bc4 Bc5 5. O-O O-O 6. d3 h6 7. h3 d6 8. a3 a6
9. b4 Ba7 10. Nd5 Nh5 11. Nxe5 Ng3 12. Nxc6 bxc6 13. Ne3 Nxf1 14. Nxf1 d5 15.
exd5 cxd5 16. Bb3 Qf6 17. Be3 Bxe3 18. Nxe3 c6 19. Rb1 Be6 20. d4 Rfe8 21. Ba4
Bd7 22. Nxd5 cxd5 23. Bxd7 Re4 24. c3 Ra7 25. Bg4 Rae7 26. Qf1 Qf4 27. Bf3 R4e6
28. Bxd5 Re2 29. Bc4 Rc2 30. Bxa6 Rxc3 31. a4 Qxd4 32. a5 Ra3 33. b5 Rxa5 34. b6
Re8 35. b7 Rb8 36. Be2 Ra7 37. Bf3 Qd7 38. Rd1 Qa4 39. Rb1 Qa6 40. Qc1 Raxb7 41.
Bxb7 Rxb7 42. Qc8+ {Black resigns} 1-0